Cogmind - Beta 10.1 @@@ ROGUE MODE // 2020.09.25 @ 11:11:49 Player: AM Result: Destroyed by L-41 Fighter with Axe Performance ------------- Evolutions (3) 1500 Regions Visited (7) 1400 Robots Destroyed (41) 205 Value Destroyed (1186) 1186 Prototype IDs (0) 0 Alien Tech Used (0) 0 Bonus (381) 381 TOTAL SCORE: 4672 Bonus ------- Follower Combat Kills 181 Entered Garrisons 200 Cogmind --------- Core Integrity 0/700 Matter 84/300 Energy 100/100 System Corruption 7% Temperature Cool (0) Movement Core (50) Location -7/Garrison Parts ------- > --- POWER (3) -------- (None) > --- PROPULSION (4) --- (None) > --- UTILITY (4) ------ (None) > --- WEAPON (2) ------- (None) > --- INVENTORY (4) ---- (None) Peak State ------------ > --- POWER ------------ Light Deuterium Engine Light Nuclear Core > --- PROPULSION ------- Aluminum Leg Improved Aluminum Leg Carbon-fiber Leg Carbon-fiber Leg > --- UTILITY ---------- High-capacity Storage Unit Hardened Light Armor Plating Drone Bay > --- WEAPON ----------- Heavy Laser Gauss Rifle > --- INVENTORY -------- Light Ion Engine Aluminum Leg Aluminum Leg Aluminum Leg Gatling Laser Gatling Laser Assault Cannon Rocket Launcher [Rating: 32] Favorites ----------- Power Ion Engine Engine Ion Engine Power Core Light Nuclear Core Propulsion Aluminum Leg Leg Aluminum Leg Utility High-capacity Storage Unit Device Sensor Array Storage High-capacity Storage Unit Processor Advanced Targeting Computer Protection Hardened Light Armor Plating Weapon Autogun Energy Gun Gatling Laser Ballistic Gun Autogun Ballistic Cannon Assault Cannon Launcher Rocket Launcher Impact Weapon Hammer Build | -11 -10 -10 -9 -8 -8 -7 -7 ------- Run | Scr Mat Min Mat Mat Sto Fac Gar Slots Evolved 6 | . . . 2 2 . 2 . Power 2 | . . . . 1 . 1 . Propulsion 2 | . . . 2 . . . . Utility 2 | . . . . 1 . 1 . Weapon . | . . . . . . . . Parts Attached 69 | 7 10 2 5 8 30 5 2 Power 11 | 2 2 1 . 1 5 . . Engine 9 | 2 2 . . 1 4 . . Core 2 | . . 1 . . 1 . . Reactor . | . . . . . . . . Propulsion 16 | 2 2 1 4 2 5 . . Treads . | . . . . . . . . Leg 16 | 2 2 1 4 2 5 . . Wheel . | . . . . . . . . Hover . | . . . . . . . . Flight . | . . . . . . . . Utility 17 | 1 3 . 1 3 7 2 . Device 9 | . 2 . 1 . 4 2 . Storage 3 | 1 1 . . 1 . . . Processor 2 | . . . . 1 1 . . Hackware . | . . . . . . . . Protection 3 | . . . . 1 2 . . Artifact . | . . . . . . . . Weapon 25 | 2 3 . . 2 13 3 2 Energy Gun 16 | 2 . . . 2 7 3 2 Energy Cannon . | . . . . . . . . Ballistic Gun 4 | . 2 . . . 2 . . Ballistic Cannon 2 | . . . . . 2 . . Launcher 2 | . . . . . 2 . . Special Weapon . | . . . . . . . . Impact Weapon 1 | . 1 . . . . . . Slashing Weapon . | . . . . . . . . Piercing Weapon . | . . . . . . . . Special Melee Weapon . | . . . . . . . . Unidentified Prototypes . | . . . . . . . . Parts Lost 29 | . 4 . . . 21 . 4 Power 5 | . 1 . . . 4 . . Propulsion 7 | . 2 . . . 5 . . Utility 7 | . . . . . 5 . 2 Weapon 10 | . 1 . . . 7 . 2 Highest Loss Streak 18 | . 4 . . . 18 . 4 Average Slot Usage (%) 87 | . 96 100 99 93 91 7 10 Engine 8 | . 12 14 . 6 10 . . Core 4 | . . . 11 9 5 . . Leg 29 | . 26 28 43 36 32 . . Device 9 | . 14 14 11 9 5 7 6 Storage 10 | . 14 14 11 9 9 . . Processor 1 | . . . . 3 1 . . Protection 3 | . . . . 2 8 . . Energy Gun 9 | . 22 . . 9 12 . 3 Ballistic Gun 8 | . 2 28 22 9 2 . . Naked Turns 73 | . . . . . 7 4 62 Heaviest Build 63 | 11 20 20 20 56 63 2 2 Greatest Support 53 | 20 20 20 45 48 53 3 3 Greatest Overweight (x) 15 | 1 1 . . 1 15 . . Average Overweight (x) . | . . . . . 1 . . Largest Inventory Capacity 12 | 6 8 8 8 12 12 4 4 Average Capacity 8 | 5 6 8 8 8 11 4 4 Most Carried 10 | 3 5 8 8 8 10 3 2 Average Carried 5 | . 2 6 5 6 6 1 . Final Capacity 12 | 6 8 8 8 12 4 4 4 Final Carried 8 | 2 3 7 6 8 . 2 . Class Distribution -------------------- 50% | Scavenger-Mutant 49% | Mutant Dominant Class ---------------- Mutant | -10/Materials Mutant | -10/Mines Scavenger-Mutant | -9/Materials Scavenger-Mutant | -8/Materials Scavenger-Mutant | -8/Storage Scavenger-Mutant | -7/Factory Mutant | -7/Garrison Resources | -11 -10 -10 -9 -8 -8 -7 -7 ----------- Run | Scr Mat Min Mat Mat Sto Fac Gar Matter Collected 869 | 204 116 70 78 150 251 . . Remotely . | . . . . . . . . Salvage Created 1449 | 69 326 58 14 245 737 . . Parts 92 | 5 21 7 3 17 39 . . Haulers Intercepted . | . . . . . . . . Recyclers Shooed 1 | 1 . . . . . . . Parts Field Recycled . | . . . . . . . . Retrieved Matter . | . . . . . . . . Parts Self-Destructed . | . . . . . . . . Prevented . | . . . . . . . . Kills | -11 -10 -10 -9 -8 -8 -7 -7 ------- Run | Scr Mat Min Mat Mat Sto Fac Gar Combat Hostiles Destroyed 30 | . 7 1 1 4 17 . . Melee 1 | . 1 . . . . . . Guns 18 | . 2 1 1 4 10 . . Cannons 4 | . . . . . 4 . . AOE 7 | . 4 . . . 3 . . Classes Destroyed 9 | 1 3 . . 2 3 . . Worker 2 | . . . . . 2 . . Builder 2 | . 1 1 . . . . . Recycler 4 | 1 2 . . . 1 . . Watcher 3 | . . . . 2 1 . . Swarmer 9 | . 5 . 1 . 3 . . Grunt 16 | . 2 1 . 3 10 . . Brawler 1 | . . . . . 1 . . Sentry 3 | . . . . 1 2 . . Hunter 1 | . . . . . 1 . . Best Kill Streak 7 | 1 7 1 1 3 5 . . Combat Bots Only 4 | . 4 1 1 2 4 . . Max Kills in Single Turn 3 | 1 3 1 1 1 3 . . Gunslinging . | . . . . . . . . Exploded 3 | . 2 . . . 3 . . Melee 1 | . 1 . . . . . . Uniques/NPCs Destroyed . | . . . . . . . . Combat | -11 -10 -10 -9 -8 -8 -7 -7 -------- Run | Scr Mat Min Mat Mat Sto Fac Gar Damage Taken 4289 | . 424 101 88 220 2562 . 894 Core 1197 | . 72 . 10 16 393 . 706 Absorbed by Shields 207 | . . . . . 111 . 96 Core Remaining (%) 73 | 100 . 71 97 . 25 . . Volleys Fired 99 | 2 19 3 3 16 49 . 7 Largest 2 | 2 2 2 2 2 2 . 2 Hottest 160 | 80 80 46 46 160 160 . 138 Shots Fired 181 | 4 29 6 6 32 96 . 8 Gun 166 | 4 29 6 6 32 81 . 8 Cannon 10 | . . . . . 10 . . Launcher 5 | . . . . . 5 . . Special . | . . . . . . . . Kinetic 55 | . . 6 6 20 23 . . Thermal 88 | . . . . 12 68 . 8 Explosive 5 | . . . . . 5 . . Electromagnetic 33 | 4 29 . . . . . . Robot Hit Streak 19 | 2 4 4 2 9 19 . 4 Robot Miss Streak 6 | 1 6 1 2 3 6 . 1 Penetration Max 1 | . . . . . 1 . . Secondary Targets 3 | . . . 1 2 . . . Max Gunslinging Chain 1 | . . . 1 1 . . . Shots Hit Robots 135 | 3 18 4 3 27 74 . 6 Core Hits 89 | 2 12 3 2 13 56 . 1 Critical Hits 1 | . . . . . 1 . . Critical Kills 1 | . . . . . 1 . . Critical Parts Destroyed . | . . . . . . . . Melee Attacks 5 | . 5 . . . . . . Impact 5 | . 5 . . . . . . Slashing . | . . . . . . . . Piercing . | . . . . . . . . Sneak Attacks 1 | . 1 . . . . . . Combat Hostiles . | . . . . . . . . Follow-up Attacks . | . . . . . . . . Damage Inflicted 3397 | 41 647 97 63 405 1984 . 160 Guns 2274 | 41 193 97 63 405 1315 . 160 Cannons 164 | . . . . . 164 . . Explosions 843 | . 376 . . . 467 . . Melee 78 | . 78 . . . . . . Ramming 38 | . . . . . 38 . . Kinetic 762 | . . 97 63 223 379 . . Thermal 1818 | . 376 . . 182 1100 . 160 Explosive 467 | . . . . . 467 . . Electromagnetic 234 | 41 193 . . . . . . Impact 78 | . 78 . . . . . . Slashing . | . . . . . . . . Piercing . | . . . . . . . . Highest Corruption 7 | . 1 1 . . 5 . 7 Average Corruption 1 | . 1 1 . . 5 . 4 Corruption Purged . | . . . . . . . . Effects 10 | . 2 2 . . 4 . 2 Message Errors 3 | . . 1 . . 1 . 1 Matter Fused 1 | . . . . . 1 . . Energy Discharges 3 | . 1 . . . 1 . 1 Data Loss (minor) 1 | . 1 . . . . . . Targeting Errors 1 | . . 1 . . . . . Weapon Failures 1 | . . . . . 1 . . Overload Shots . | . . . . . . . . Overflow Damage 40 | . 31 . . . 9 . . Projectiles . | . . . . . . . . Explosions 40 | . 31 . . . 9 . . Melee . | . . . . . . . . Knockbacks 2 | . 1 . . . 1 . . Impact 1 | . 1 . . . . . . Kinetic 1 | . . . . . 1 . . Secondary . | . . . . . . . . Self-Inflicted Damage 236 | . 75 . . . 161 . . Shots 6 | . 2 . . . 4 . . Rammed 6 | . . . . . 5 . 1 Targets Rammed 13 | . . . . . 12 . 1 Kicked 7 | . . . . . 7 . . Crushed . | . . . . . . . . Highest Temperature 585 | 36 102 21 . 214 585 . 36 Average Temperature 202 | 20 53 8 . 95 244 . 27 Received Heat Transfer 970 | . 66 36 9 108 751 . . Effects 41 | . . . . . 41 . . Shutdowns 15 | . . . . . 15 . . Energy Bleed 2 | . . . . . 2 . . Interference 4 | . . . . . 4 . . Matter Decay 6 | . . . . . 6 . . Short Circuit 4 | . . . . . 4 . . Damage (minor) 2 | . . . . . 2 . . Damage (major) 8 | . . . . . 8 . . Siege Activations . | . . . . . . . . Robots Corrupted . | . . . . . . . . Combat Hostiles . | . . . . . . . . Parts Fried . | . . . . . . . . Impact Corruptions . | . . . . . . . . Robots Melted . | . . . . . . . . Combat Hostiles . | . . . . . . . . Parts Melted 5 | . . . . 1 4 . . Heat Transferred 3482 | . 500 . . 400 2460 . 122 Parts Sabotaged . | . . . . . . . . Parts Stolen . | . . . . . . . . Parts Stripped . | . . . . . . . . Power Chain Reactions 4 | . 4 . . . . . . Missiles Intercepted . | . . . . . . . . Alert | -11 -10 -10 -9 -8 -8 -7 -7 ------- Run | Scr Mat Min Mat Mat Sto Fac Gar Peak Influence 382 | 5 178 132 271 246 382 116 81 Initial 112 | . 3 69 51 105 103 112 81 Average 151 | 1 72 74 139 180 242 112 60 Maximum Alert Level 1 | . . . 1 1 1 . . Low Security (%) 70 | 100 100 100 63 62 39 100 100 Level 1 29 | . . . 36 37 60 . . Level 2 . | . . . . . . . . Level 3 . | . . . . . . . . Level 4 . | . . . . . . . . Level 5 . | . . . . . . . . High Security . | . . . . . . . . Max Security . | . . . . . . . . Squads Dispatched 8 | . 1 . 1 . 6 . . Investigation 3 | . 1 . . . 2 . . Extermination . | . . . . . . . . Reinforcement 3 | . . . 1 . 2 . . Assault . | . . . . . . . . Garrison 2 | . . . . . 2 . . Intercept . | . . . . . . . . Construction Impeded . | . . . . . . . . Haulers Reinforced . | . . . . . . . . Stealth | -11 -10 -10 -9 -8 -8 -7 -7 --------- Run | Scr Mat Min Mat Mat Sto Fac Gar Distress Signals 4 | . . . 1 1 2 . . Communications Jammed . | . . . . . . . . Distress Signals . | . . . . . . . . Times Spotted 71 | . 9 2 11 8 37 . 4 Peak Tracking Total 7 | . 5 2 7 4 7 . 4 Tactical Retreats 5 | . 1 . . 1 3 . . Traps | -11 -10 -10 -9 -8 -8 -7 -7 ------- Run | Scr Mat Min Mat Mat Sto Fac Gar Traps Triggered 5 | . 2 1 . . . . 2 Indirectly . | . . . . . . . . Trap Hack Attempts . | . . . . . . . . Triggered . | . . . . . . . . Disarmed . | . . . . . . . . Reprogrammed . | . . . . . . . . Reused . | . . . . . . . . Traps Extracted . | . . . . . . . . Installed . | . . . . . . . . Triggered . | . . . . . . . . Machines | -11 -10 -10 -9 -8 -8 -7 -7 ---------- Run | Scr Mat Min Mat Mat Sto Fac Gar Machines Disabled 3 | . 1 . . . 2 . . Max in Single Turn 1 | . 1 . . . 1 . . Garrison Relay 1 | . . . . . . . 1 Machines Sabotaged . | . . . . . . . . Garrisons Compromised . | . . . . . . . . Overloaded Fab Kills . | . . . . . . . . Fab Network Shutdowns . | . . . . . . . . Hacking | -11 -10 -10 -9 -8 -8 -7 -7 --------- Run | Scr Mat Min Mat Mat Sto Fac Gar Machines Accessed 8 | . . 1 1 1 4 1 . Terminals 6 | . . . 1 1 4 . . Fabricators . | . . . . . . . . Repair Stations . | . . . . . . . . Recycling Units . | . . . . . . . . Scanalyzers . | . . . . . . . . Garrison Access 1 | . . . . . . 1 . Total Hacks 23 | . . 1 2 10 8 2 . Successful 15 | . . 1 2 6 5 1 . Failed 7 | . . . . 3 3 1 . Catastrophic 1 | . . . . 1 . . . Database Lockouts 1 | . . . . 1 . . . Manual 1 | . . . . . 1 . . Terminals 20 | . . . 2 10 8 . . Fabricators . | . . . . . . . . Repair Stations . | . . . . . . . . Recycling Units . | . . . . . . . . Scanalyzers . | . . . . . . . . Garrison Access 2 | . . . . . . 2 . Terminal Hacks 14 | . . 1 2 6 5 . . Record 12 | . . . 2 6 4 . . Open Door 2 | . . 1 . . 1 . . Fabricator Hacks . | . . . . . . . . Repair Station Hacks . | . . . . . . . . Recycling Unit Hacks . | . . . . . . . . Scanalyzer . | . . . . . . . . Garrison Access Hacks 1 | . . . . . . 1 . Unlock Access 1 | . . . . . . 1 . Unauthorized Hacks . | . . . . . . . . Terminals . | . . . . . . . . Fabricators . | . . . . . . . . Repair Stations . | . . . . . . . . Recycling Units . | . . . . . . . . Scanalyzers . | . . . . . . . . Garrison Access . | . . . . . . . . Data Cores Recovered . | . . . . . . . . Used . | . . . . . . . . Hacking Detections 3 | . . . . 1 2 . . Full Trace Events 2 | . . . . . 2 . . Feedback Events . | . . . . . . . . Feedback Blocked . | . . . . . . . . Robot Schematics Acquired . | . . . . . . . . Robots Built . | . . . . . . . . Matter . | . . . . . . . . Time . | . . . . . . . . Total Robot Build Rating . | . . . . . . . . Part Schematics Acquired . | . . . . . . . . Parts Built . | . . . . . . . . Matter . | . . . . . . . . Time . | . . . . . . . . Total Part Build Rating . | . . . . . . . . Parts Repaired . | . . . . . . . . Time . | . . . . . . . . Parts Recycled . | . . . . . . . . Recycled Matter . | . . . . . . . . Retrieved Matter . | . . . . . . . . Retrieved Components . | . . . . . . . . Parts Scanalyzed . | . . . . . . . . Part Schematics Acquired . | . . . . . . . . Parts Damaged . | . . . . . . . . Bothacking | -11 -10 -10 -9 -8 -8 -7 -7 ------------ Run | Scr Mat Min Mat Mat Sto Fac Gar Used RIF Installer . | . . . . . . . . Robots Hacked . | . . . . . . . . Non-combat . | . . . . . . . . Combat . | . . . . . . . . Robot Hacks Applied . | . . . . . . . . Relay Couplers Released 4 | . . . . . . . 4 Machine Destruction 4 | . . . . . . . 4 Robots Rewired . | . . . . . . . . Allies Hacked . | . . . . . . . . Hacks Repelled . | . . . . . . . . Allies | -11 -10 -10 -9 -8 -8 -7 -7 -------- Run | Scr Mat Min Mat Mat Sto Fac Gar Total Allies 3 | . . 3 . . . . . Largest Group 3 | . . 3 3 1 . . . Highest-Rated Group 40 | . . 40 40 8 . . . Highest-Rated Ally 16 | . . 16 16 8 . . . Total Orders . | . . . . . . . . Ally Attacks 36 | . . 2 32 2 . . . Total Damage 375 | . . 30 323 22 . . . Kills 9 | . . 1 8 . . . . Allies Corrupted . | . . . . . . . . Allies Melted . | . . . . . . . . Intel | -11 -10 -10 -9 -8 -8 -7 -7 ------- Run | Scr Mat Min Mat Mat Sto Fac Gar Robot Analysis Total . | . . . . . . . . Derelict Logs Recovered 1 | . . 1 . . . . . Drone Launches 2 | . . . . . 2 . . Drone Recoveries 1 | . . . . . 1 . . Exploration | -11 -10 -10 -9 -8 -8 -7 -7 ------------- Run | Scr Mat Min Mat Mat Sto Fac Gar Turns Passed 1919 | 58 320 286 182 202 710 29 132 Spaces Moved 1038 | 33 184 218 110 99 268 28 98 Core 148 | 5 . . . . 17 28 98 Treads . | . . . . . . . . Legs 890 | 28 184 218 110 99 251 . . Wheels . | . . . . . . . . Hover . | . . . . . . . . Flight . | . . . . . . . . Fastest Speed 50 | 50 120 120 120 120 50 50 50 Average Speed 122 | 112 120 120 120 122 162 50 50 Slowest Speed 800 | 150 150 120 120 150 800 50 50 Overloaded Moves . | . . . . . . . . Propulsion Burnouts . | . . . . . . . . Robots Hopped . | . . . . . . . . Cave-ins Triggered . | . . . . . . . . Exploration Rate (%) 25 | 3 44 45 22 12 63 1 17 Regions Visited 7 Branch Regions 2 Pre-discovered Areas . | . . . . . . . . Known Exits Taken 2 | . . 1 . . . 1 . Unknown Exits Taken 5 | 1 1 . 1 1 1 . . Scrap Searched 1 | . . 1 . . . . . Spaces Dug . | . . . . . . . . Terrain Destroyed 44 | . 5 . . . 39 . . Melee . | . . . . . . . . Projectile 2 | . . . . . 2 . . AOE 42 | . 5 . . . 37 . . Terrain Rammed . | . . . . . . . . Walls Destroyed . | . . . . . . . . Machines Disabled . | . . . . . . . . Actions | -11 -10 -10 -9 -8 -8 -7 -7 --------- Run | Scr Mat Min Mat Mat Sto Fac Gar Total 1489 | 49 247 239 157 151 430 43 173 Wait 153 | . 15 6 29 15 43 4 41 Move 1031 | 32 183 217 109 98 267 27 98 Hop . | . . . . . . . . Pick Up 62 | 8 10 7 6 8 15 4 4 Fast Attach 1 | . . . . 1 . . . Attach 51 | 6 7 . 4 4 19 5 6 Detach 5 | . 1 . . . 1 3 . Swap 21 | 1 3 2 1 3 11 . . Drop 32 | . 4 4 5 6 13 . . Fire 99 | 2 19 3 3 16 49 . 7 Melee 5 | . 5 . . . . . . Ram 2 | . . . . . 1 . 1 Kick 11 | . . . . . 11 . . Crush . | . . . . . . . . Escape Stasis 16 | . . . . . . . 16 Rewire . | . . . . . . . . Trap . | . . . . . . . . Miscellaneous . | . . . . . . . . Route ------- -11/Scrapyard -10/Materials -10/Mines -9/Materials -8/Materials -8/Storage -7/Factory -7/Garrison History --------- Turn | Location | Event 27 | -11/Scrapyard | Discovered new exit (range 15) 59 | -11/Scrapyard | Entered Materials 319 | -10/Materials | Build established: Mutant 326 | -10/Materials | Lost 4 parts (1p2n1w) 356 | -10/Materials | Discovered new exit (range 8) 379 | -10/Materials | Entered Mines 383 | -10/Mines | Met a Derelict who couldn't figure out how to use a Trap Extractor 466 | -10/Mines | Received a Rocket Launcher from a helpful Derelict 548 | -10/Mines | Assisted by bots powering up and referring to "LRC-V3" 598 | -10/Mines | Identified exit to Materials 665 | -10/Mines | Entered Materials 665 | -9/Materials | Accompanied by 3 allies 665 | -9/Materials | Evolved 2 slots: Propulsion x2 832 | -9/Materials | Discovered new exit (range 12) 847 | -9/Materials | Entered another Materials area 847 | -8/Materials | Accompanied by 1 ally 847 | -8/Materials | Evolved 2 slots: Power x1, Utility x1 849 | -8/Materials | Central database locked down 969 | -8/Materials | Build established: Scavenger-Mutant 1002 | -8/Materials | Discovered new exit (range 8) 1049 | -8/Materials | Entered Storage 1642 | -8/Storage | Garrison activated, responded to threat 1737 | -8/Storage | Core integrity fell below 50% 1739 | -8/Storage | Discovered new exit (range 16) 1759 | -8/Storage | Entered Factory 1759 | -7/Factory | Evolved 2 slots: Power x1, Utility x1 1774 | -7/Factory | Lost 18 parts (3p5n4u6w) 1787 | -7/Factory | Identified exit to Garrison 1788 | -7/Factory | Entered Garrison 1889 | -7/Garrison | Lost 4 parts (2u2w) 1889 | -7/Garrison | Garrison Relay disabled 1899 | -7/Garrison | Core integrity fell below 50% 1915 | -7/Garrison | Core integrity fell below 20% 1920 | -7/Garrison | Build established: Mutant 1920 | -7/Garrison | Destroyed by L-41 Fighter with Axe Last Messages --------------- 01873_ Field strength at 8. 01873_ P-60 Hacker resets P-60 Hacker, system corruption cleaned. 01874_ Field strength at 2. 01874_ Stasis field depleted. 01889_ Garrison Relay disabled. 01889_ Relay Coupler [Hunter] tumbles out of relay unit. 01889_ Relay Coupler [Sentry] tumbles out of relay unit. 01889_ Relay Coupler [ARC] tumbles out of relay unit. 01889_ Relay Coupler [NC] tumbles out of relay unit. 01890_ Acquired Relay Coupler [Hunter]. 01891_ Relay Coupler [Hunter] fries itself. 01893_ Acquired Relay Coupler [ARC]. 01894_ Relay Coupler [ARC] fries itself. 01895_ Acquired Relay Coupler [NC]. 01897_ Acquired Relay Coupler [Sentry]. 01898_ Relay Coupler [NC] fries itself. 01899_ Relay Coupler [Sentry] fries itself. Garrison Door activated. 01901_ Slammed into P-60 Hacker. 01914_ System corrupted: Energy discharge (-28). Map ----- +----------------------------------------------------+ | ?????????????????????????????????????????????????? | | ?????????????????????????????????????????????????? | | ?????????????????????????????????????????????????? | | ?????????????????????????????????????????????????? | | ?????????????????????????????????????????????????? | | ?????????????????????????????????????????????????? | | ???????????????????????????????????????? ??????? | | ???????????????????????????????????????? ??????? | | ???????????????????????????????????????? ??????? | | ??????????????????????????????????????## #???? # | | ??????????????????????????????????#????" ??? | | ????????????????????????????????#??????" ??? ? | | ????????????????????????????#??#???????" ?? ? | | ???????????????????????????????????#???" ?? ?? | | ???????????????????????????????????#???# #? ??? | | ?????????????????????????????#####?????? ## ???? | | ???????????????????#?????????# ?????? ???? | | ???????????????#??#??????????# ??????? ????? | | ?????????????????????????????# #??????? ?????? | | ?????????????????????????????# #???????# #?????? | | ?????????????????????????????# #?? ????# #?????? | | ???????????????????########### ### ##?## #?????? | | ???????????????????# + + #?????? | | ???????????????????# ######### ##### #?# #?????? | | ?????????????????# ######### #???????# #?????? | | ?????????????????# +p l@p ## ######### #?????? | | ?????????????????# ###### ## #?????? | | ???????????????????# #???## ## #?????? | | ???????????????????# #????# ## ############?????? | | ???????????????????# #????# ## #???????#????????? | | ???????????????????# ###### ## #????????????????? | | ???????????????????# #????????????????? | | ???????????????????### ##### #????????????????? | | ????????????????????#"" ""#??# #????????????????? | | ????????????????????#######??# #????????????????? | | ?????????????????#???????#???# #????????????????? | | ?????????????????????????????# #??#?????????????? | | ?????????????????#???????????# #????????????????? | | ????????????????????########## ##???????????????? | | ????????????????????# ##??????#????#???? | | ????????????????????# #????????????????? | | ????????????????????# #########????????????????? | | ????????????????????# #???????????????#????????? | | ????????????????????#####????????????????????????? | | ?????????????????????????????????????????????????? | | ?????????????????????????????????????????????????? | | ?????????????????????????????????????????????????? | | ?????????????????????????????????????????????????? | | ?????????????????????????????????????????????????? | | ????????????????????????????#????????????????????? | +----------------------------------------------------+ Best States ------------- Heat Dissipation 41 Energy Generation 23 Energy Capacity 325 Matter Stores 300 Matter Capacity 300 Sight Range 16 Robot Scan Range 10 Terrain Scan Range 16 Terrain Scan Density 10 Armor Coverage 225 Evasion (%) 56 Targeting Accuracy 8 Item Schematics ----------------- None Robot Schematics ------------------ None Fabricated ------------ Nothing Alien Tech Used ----------------- None Achievements -------------- None Challenges ------------ None Game ------ Seed ControlSensorField Manual? 0 Play Time 00:49:31 Cumulative 8.4 hours Start 2020.09.25 @ 10:06:45 End 2020.09.25 @ 11:11:49 Sessions 1 Manual Loads 0 Difficulty Rogue Special Mode None Game No. 31 Rogue 31 Adventurer 0 Explorer 0 Win Type - Total 0 Types 0/0/0/0/0/0/0/0/0 Lore% 7 Gallery% 15 Achievement% 10 Wizard Run 0 Options --------- ASCII 1 Keyboard 0 Movement Mouse Keybinds 0 Fullscreen 1 Font 18/X11 Map View 76x50 Tactical HUD 1 Map Filters NONE Filters NONE Steam 1 RUN: a0849c69-35dd-452d-b95b-e1875299a0d4